Cogmind - Beta 9.6 *** ADVENTURER MODE // 2020.05.19 @ 23:32:23 Player: soymachine Result: Self-destructed Performance ------------- Evolutions (6) 3000 Regions Visited (8) 1600 Robots Destroyed (76) 380 Value Destroyed (2973) 2973 Prototype IDs (7) 140 Alien Tech Used (0) 0 Bonus (-325) -325 TOTAL SCORE: 7768 Bonus ------- High Alert Combat Kills 23 Follower Combat Kills 167 Friendly Fire -515 Cogmind --------- Core Integrity 1118/1150 Matter 300/300 Energy 1020/1020 System Corruption 3% Temperature Cool (0) Movement Treading (165) Location -4/Factory Parts ------- > --- POWER (2) -------- Light Angular Momentum Engine Light Antimatter Reactor > --- PROPULSION (5) --- Light Treads Improved Treads Improved Treads Heavy Siege Treads > --- UTILITY (10) ----- Advanced Heat Sink Advanced Cooling System High-capacity Storage Unit Advanced Energy Well Enhanced Optical Array Long-range Sensor Array Improved Signal Interpreter Hardened Medium Armor Plating Layered Heavy Armor Plating > --- WEAPON (2) ------- Phase Gun Heavy Neutron Cannon > --- INVENTORY (12) --- Improved Treads Improved Sensor Array Phase Gun Improved EM Pulse Cannon KE Penetrator Mass Driver Mass Driver Proton Missile Launcher Proton Missile Launcher Mini Grenade Launcher Heavy Rocket Launcher Chainsword Peak State ------------ > --- POWER ------------ Light Angular Momentum Engine Light Antimatter Reactor > --- PROPULSION ------- Light Treads Improved Treads Improved Treads Heavy Siege Treads > --- UTILITY ---------- Advanced Heat Sink Advanced Cooling System High-capacity Storage Unit Advanced Energy Well Enhanced Optical Array Long-range Sensor Array Improved Signal Interpreter Hardened Medium Armor Plating Layered Heavy Armor Plating > --- WEAPON ----------- Phase Gun Heavy Neutron Cannon > --- INVENTORY -------- Improved Treads Improved Sensor Array Phase Gun Improved EM Pulse Cannon KE Penetrator Mass Driver Mass Driver Proton Missile Launcher Proton Missile Launcher Mini Grenade Launcher Heavy Rocket Launcher Chainsword [Rating: 95] Favorites ----------- Power Deuterium Engine Engine Deuterium Engine Power Core Micro Nuclear Core Reactor Light Antimatter Reactor Propulsion Light Treads Treads Light Treads Leg Aluminum Leg Utility Enhanced Optical Array Device Long-range Sensor Array Storage High-capacity Storage Unit Processor Enhanced Optical Array Protection Hardened Medium Armor Plating Weapon Phase Gun Energy Gun Phase Gun Energy Cannon Improved EM Pulse Cannon Ballistic Gun Assault Rifle Launcher Mini Grenade Launcher Slashing Weapon Chainsword Build | -11 -10 -9 -9 -8 -7 -6 -5 -4 ------- Run | Scr Mat Mat Min Mat Fac Fac Fac Fac Slots Evolved 12 | . . 2 . 2 2 2 2 2 Power 1 | . . . . . 1 . . . Propulsion 3 | . . . . 2 . . . 1 Utility 8 | . . 2 . . 1 2 2 1 Weapon . | . . . . . . . . . Parts Attached 84 | . 4 13 1 7 25 15 8 11 Power 9 | . . 1 . 1 3 3 . 1 Engine 7 | . . 1 . 1 3 2 . . Core 1 | . . . . . . 1 . . Reactor 1 | . . . . . . . . 1 Propulsion 19 | . 2 2 . 3 3 3 2 4 Treads 19 | . 2 2 . 3 3 3 2 4 Leg . | . . . . . . . . . Wheel . | . . . . . . . . . Hover . | . . . . . . . . . Flight . | . . . . . . . . . Utility 23 | . 1 5 . 2 7 3 4 1 Device 9 | . . 3 . . 3 1 2 . Storage 3 | . 1 . . . 1 . . 1 Processor 3 | . . 1 . . 1 1 . . Hackware . | . . . . . . . . . Protection 8 | . . 1 . 2 2 1 2 . Artifact . | . . . . . . . . . Weapon 33 | . 1 5 1 1 12 6 2 5 Energy Gun 10 | . 1 2 . 1 5 . 1 . Energy Cannon 8 | . . . . . 3 3 . 2 Ballistic Gun 1 | . . 1 . . . . . . Ballistic Cannon . | . . . . . . . . . Launcher 8 | . . 2 . . 4 1 . 1 Special Weapon . | . . . . . . . . . Impact Weapon . | . . . . . . . . . Slashing Weapon 6 | . . . 1 . . 2 1 2 Piercing Weapon . | . . . . . . . . . Special Melee Weapon . | . . . . . . . . . Unidentified Prototypes 3 | . . 1 . . . . 1 1 Parts Lost 14 | . . 1 5 2 1 3 2 . Power 2 | . . . . 1 . 1 . . Propulsion 5 | . . . 1 . 1 1 2 . Utility 4 | . . . 2 1 . 1 . . Weapon 3 | . . 1 2 . . . . . Highest Loss Streak 3 | . . 1 3 1 1 1 2 . Average Slot Usage (%) 92 | . 92 88 97 79 97 97 82 91 Engine 10 | . 14 11 11 9 14 10 11 5 Treads 26 | . 13 22 22 35 29 25 22 23 Device 11 | . . 18 11 . 11 12 11 15 Storage 8 | . 20 11 11 9 7 6 5 9 Processor 8 | . . 1 11 9 7 12 11 10 Protection 8 | . . 2 8 6 8 11 5 10 Energy Gun 5 | . 14 5 7 . 9 1 . 5 Energy Cannon 2 | . . . . . . 7 6 2 Ballistic Gun 1 | . 14 10 11 . . . . . Launcher 1 | . . 5 . . 3 . . . Slashing Weapon 2 | . . . 3 9 . 3 3 1 Naked Turns . | . . . . . . . . . Heaviest Build 108 | 13 29 35 32 32 68 78 96 108 Greatest Support 136 | 20 40 46 46 89 89 83 86 136 Greatest Overweight (x) 1 | . . . 1 . . 1 1 1 Average Overweight (x) . | . . . . . . . . . Largest Inventory Capacity 12 | . 12 10 10 10 12 12 12 12 Average Capacity 10 | . 8 10 10 10 10 12 12 12 Most Carried 12 | . 6 10 10 10 12 12 12 12 Average Carried 9 | . 5 7 9 7 9 10 11 11 Final Capacity 12 | 6 12 10 10 10 12 12 12 12 Final Carried 12 | 6 6 9 9 9 12 12 12 12 Class Distribution -------------------- 51% | Mutant 20% | Scavenger-Assassin 17% | Scavenger-Skirmisher 4% | Scavenger-Mutant 3% | Skirmisher Dominant Class ---------------- Mutant | -10/Materials Mutant | -9/Materials Scavenger-Mutant | -9/Mines Mutant | -8/Materials Mutant | -7/Factory Scavenger-Assassin | -6/Factory Scavenger-Assassin | -5/Factory Scavenger-Skirmisher | -4/Factory Resources | -11 -10 -9 -9 -8 -7 -6 -5 -4 ----------- Run | Scr Mat Mat Min Mat Fac Fac Fac Fac Matter Collected 1343 | 200 63 160 51 149 360 120 80 160 Remotely . | . . . . . . . . . Salvage Created 3073 | . 86 409 20 748 628 539 163 480 Parts 165 | . 8 34 . 35 31 26 7 24 Haulers Intercepted . | . . . . . . . . . Recyclers Shooed 1 | . . . . . . . . 1 Parts Field Recycled . | . . . . . . . . . Retrieved Matter . | . . . . . . . . . Parts Self-Destructed . | . . . . . . . . . Prevented . | . . . . . . . . . Kills | -11 -10 -9 -9 -8 -7 -6 -5 -4 ------- Run | Scr Mat Mat Min Mat Fac Fac Fac Fac Combat Hostiles Destroyed 63 | . 4 14 1 15 11 8 2 8 Melee 19 | . . . 1 15 . 2 1 . Guns 15 | . 4 6 . . 3 . . 2 Cannons 8 | . . . . . 1 3 . 4 AOE 16 | . . 8 . . 6 1 1 . Classes Destroyed 11 | . 2 3 1 1 4 . . . Worker 2 | . . . . . 1 . . 1 Builder 3 | . . 3 . . . . . . Recycler 1 | . . . . . 1 . . . Watcher 5 | . . 3 . . 1 1 . . Swarmer 10 | . 3 4 . . 3 . . . Grunt 28 | . 1 7 . 13 4 3 . . Brawler 3 | . . . . . 2 1 . . Sentry 11 | . . 3 . 1 1 2 2 2 Hunter 3 | . . . . 1 . . . 2 Programmer 7 | . . . . . 1 2 . 4 Assembled 1 | . . . 1 . . . . . Thug 2 | . . . . . 2 . . . Best Kill Streak 8 | . 3 8 1 4 6 4 1 3 Combat Bots Only 6 | . 3 5 1 4 6 4 1 3 Max Kills in Single Turn 3 | . 1 3 1 1 3 1 1 1 Gunslinging . | . . . . . . . . . Exploded 2 | . . 1 . . 2 1 1 . Melee 1 | . . . 1 1 . 1 1 . Uniques/NPCs Destroyed . | . . . . . . . . . Combat | -11 -10 -9 -9 -8 -7 -6 -5 -4 -------- Run | Scr Mat Mat Min Mat Fac Fac Fac Fac Damage Taken 3786 | . 78 352 573 518 685 531 362 687 Core 409 | . 6 50 100 46 81 57 37 32 Absorbed by Shields . | . . . . . . . . . Core Remaining (%) 89 | 100 97 . 62 91 88 93 96 . Volleys Fired 116 | . 8 23 4 . 40 15 1 25 Largest 2 | . 2 2 2 . 2 2 2 2 Hottest 198 | . 70 70 65 . 176 159 157 198 Shots Fired 211 | . 16 42 6 . 65 30 2 50 Gun 126 | . 16 30 6 . 46 2 1 25 Cannon 52 | . . . . . 6 24 1 21 Launcher 33 | . . 12 . . 13 4 . 4 Special . | . . . . . . . . . Kinetic 31 | . 8 19 4 . . . . . Thermal 99 | . 6 . . . 37 11 1 44 Explosive 19 | . . 12 . . 7 . . . Electromagnetic 62 | . 2 11 2 . 21 19 1 6 Robot Hit Streak 35 | . 5 12 15 . 24 25 8 35 Robot Miss Streak 2 | . 2 2 1 . 2 2 . 1 Penetration Max . | . . . . . . . . . Secondary Targets . | . . . . . . . . . Shots Hit Robots 233 | . 8 34 6 40 57 31 12 45 Core Hits 125 | . 5 36 3 17 30 14 4 16 Critical Hits 2 | . . . . . . 1 1 . Critical Kills . | . . . . . . . . . Critical Parts Destroyed 1 | . . . . . . 1 . . Melee Attacks 110 | . . . 1 40 . 24 27 18 Impact . | . . . . . . . . . Slashing 110 | . . . 1 40 . 24 27 18 Piercing . | . . . . . . . . . Sneak Attacks 1 | . . . . 1 . . . . Combat Hostiles . | . . . . . . . . . Follow-up Attacks . | . . . . . . . . . Damage Inflicted 8885 | . 80 1617 124 1454 2252 1108 449 1801 Guns 2161 | . 80 322 81 . 923 51 . 704 Cannons 1520 | . . . . . 125 512 26 857 Explosions 3102 | . . 1295 . . 1204 284 79 240 Melee 2085 | . . . 43 1454 . 244 344 . Ramming 17 | . . . . . . 17 . . Kinetic 270 | . 15 204 51 . . . . . Thermal 3054 | . 39 . . . 1126 298 79 1512 Explosive 1812 | . . 1295 . . 517 . . . Electromagnetic 1647 | . 26 118 30 . 609 549 26 289 Impact . | . . . . . . . . . Slashing 2085 | . . . 43 1454 . 244 344 . Piercing . | . . . . . . . . . Highest Corruption 4 | . . . . . . 4 . 3 Average Corruption 1 | . . . . . . 2 . 1 Corruption Purged . | . . . . . . . . . Effects 9 | . . . . . . 8 . 1 Message Errors 4 | . . . . . . 4 . . Heat Flow Errors 1 | . . . . . . 1 . . Data Loss (minor) 2 | . . . . . . 2 . . Targeting Errors 2 | . . . . . . 1 . 1 Overload Shots . | . . . . . . . . . Overflow Damage 353 | . . 74 . 105 28 8 . 138 Projectiles 146 | . . . . . . 8 . 138 Explosions 102 | . . 74 . . 28 . . . Melee 105 | . . . . 105 . . . . Knockbacks 1 | . . . . . . 1 . . Impact 1 | . . . . . . 1 . . Kinetic . | . . . . . . . . . Secondary . | . . . . . . . . . Self-Inflicted Damage 260 | . . 22 . . 186 . 52 . Shots 5 | . . 1 . . 3 . 1 . Rammed 1 | . . . . . . 1 . . Targets Rammed 1 | . . . . . . 1 . . Kicked . | . . . . . . . . . Crushed . | . . . . . . . . . Highest Temperature 379 | . 45 30 12 . 333 379 48 96 Average Temperature 92 | . 20 14 5 . 141 121 29 42 Received Heat Transfer 989 | . 6 162 80 315 153 165 72 36 Effects 11 | . . . . . 8 3 . . Shutdowns 3 | . . . . . 1 2 . . Energy Bleed 1 | . . . . . . 1 . . Interference 7 | . . . . . 7 . . . Siege Activations . | . . . . . . . . . Robots Corrupted 4 | . . . . . 1 2 . 1 Combat Hostiles 4 | . . . . . 1 2 . 1 Parts Fried 7 | . . . . . 1 3 . 3 Impact Corruptions . | . . . . . . . . . Robots Melted 1 | . . . . . . . . 1 Combat Hostiles 1 | . . . . . . . . 1 Parts Melted 4 | . 1 . . . . 1 . 2 Heat Transferred 3117 | . 111 . . . 1323 370 . 1313 Parts Sabotaged . | . . . . . . . . . Parts Stolen . | . . . . . . . . . Parts Stripped . | . . . . . . . . . Power Chain Reactions 2 | . . . . . 1 . 1 . Missiles Intercepted . | . . . . . . . . . Alert | -11 -10 -9 -9 -8 -7 -6 -5 -4 ------- Run | Scr Mat Mat Min Mat Fac Fac Fac Fac Peak Influence 427 | . 100 272 89 427 292 154 89 160 Average Influence 98 | . 62 144 82 186 148 41 34 60 Maximum Alert Level 2 | . . 1 . 2 1 . . . Low Security (%) 85 | . 100 55 100 48 81 100 100 100 Level 1 13 | . . 44 . 49 18 . . . Level 2 . | . . . . 2 . . . . Level 3 . | . . . . . . . . . Level 4 . | . . . . . . . . . Level 5 . | . . . . . . . . . High Security . | . . . . . . . . . Max Security . | . . . . . . . . . Squads Dispatched 16 | . 1 3 . 3 1 4 . 4 Investigation 5 | . 1 1 . 1 . 1 . 1 Extermination 4 | . . . . . 1 1 . 2 Reinforcement 7 | . . 2 . 2 . 2 . 1 Assault . | . . . . . . . . . Garrison . | . . . . . . . . . Intercept . | . . . . . . . . . Construction Impeded 2 | . . . . . . 1 . 1 Haulers Reinforced . | . . . . . . . . . Stealth | -11 -10 -9 -9 -8 -7 -6 -5 -4 --------- Run | Scr Mat Mat Min Mat Fac Fac Fac Fac Distress Signals 5 | . . 3 . 2 . . . . Communications Jammed . | . . . . . . . . . Distress Signals . | . . . . . . . . . Times Spotted 96 | . 4 20 7 24 20 11 2 8 Peak Tracking Total 8 | . 3 8 5 6 4 4 2 3 Tactical Retreats 8 | . . 2 . 2 1 3 . . Traps | -11 -10 -9 -9 -8 -7 -6 -5 -4 ------- Run | Scr Mat Mat Min Mat Fac Fac Fac Fac Traps Triggered 5 | . 1 . . 1 2 1 . . Indirectly . | . . . . . . . . . Trap Hack Attempts . | . . . . . . . . . Triggered . | . . . . . . . . . Disarmed . | . . . . . . . . . Reprogrammed . | . . . . . . . . . Reused . | . . . . . . . . . Traps Extracted . | . . . . . . . . . Installed . | . . . . . . . . . Triggered 1 | . . 1 . . . . . . Machines | -11 -10 -9 -9 -8 -7 -6 -5 -4 ---------- Run | Scr Mat Mat Min Mat Fac Fac Fac Fac Machines Disabled 5 | . . . . . 4 . . 1 Max in Single Turn 2 | . . . . . 2 . . 1 Machines Sabotaged . | . . . . . . . . . Garrisons Compromised . | . . . . . . . . . Overloaded Fab Kills . | . . . . . . . . . Fab Network Shutdowns . | . . . . . . . . . Hacking | -11 -10 -9 -9 -8 -7 -6 -5 -4 --------- Run | Scr Mat Mat Min Mat Fac Fac Fac Fac Machines Accessed 18 | . . . . 1 5 8 . 4 Terminals 8 | . . . . 1 2 3 . 2 Fabricators 4 | . . . . . 1 1 . 2 Repair Stations 3 | . . . . . 2 1 . . Recycling Units 1 | . . . . . . 1 . . Scanalyzers 2 | . . . . . . 2 . . Garrison Access . | . . . . . . . . . Total Hacks 50 | . . . . 3 11 23 . 13 Successful 35 | . . . . 2 7 18 . 8 Failed 15 | . . . . 1 4 5 . 5 Catastrophic 1 | . . . . . . . . 1 Database Lockouts . | . . . . . . . . . Manual . | . . . . . . . . . Terminals 23 | . . . . 3 5 7 . 8 Fabricators 8 | . . . . . 2 1 . 5 Repair Stations 6 | . . . . . 4 2 . . Recycling Units 1 | . . . . . . 1 . . Scanalyzers 12 | . . . . . . 12 . . Garrison Access . | . . . . . . . . . Terminal Hacks 16 | . . . . 2 4 4 . 6 Prototype ID Bank 2 | . . . . 1 1 . . . Emergency Access Points 1 | . . . . . 1 . . . Garrison Index 1 | . . . . . . . . 1 Alert Level 1 | . . . . . . 1 . . Unreport Threat 1 | . . . . . . 1 . . Locate Traps 2 | . . . . . . 1 . 1 Dispatch Records 1 | . . . . . 1 . . . Surveillance Status 1 | . . . . 1 . . . . Reinforcement Status 1 | . . . . . . . . 1 Recall Investigation 1 | . . . . . . 1 . . Recall Reinforcements 2 | . . . . . 1 . . 1 Hauler Manifests 1 | . . . . . . . . 1 Zone Layout 1 | . . . . . . . . 1 Fabricator Hacks 3 | . . . . . 1 . . 2 Load Schematic 1 | . . . . . . . . 1 Build 2 | . . . . . 1 . . 1 Repair Station Hacks 3 | . . . . . 2 1 . . Scan Component 2 | . . . . . 1 1 . . Repair 1 | . . . . . 1 . . . Recycling Unit Hacks 1 | . . . . . . 1 . . Retrieve Components 1 | . . . . . . 1 . . Scanalyzer 12 | . . . . . . 12 . . Insert Component 6 | . . . . . . 6 . . Analyze 6 | . . . . . . 6 . . Garrison Access Hacks . | . . . . . . . . . Unauthorized Hacks . | . . . . . . . . . Terminals . | . . . . . . . . . Fabricators . | . . . . . . . . . Repair Stations . | . . . . . . . . . Recycling Units . | . . . . . . . . . Scanalyzers . | . . . . . . . . . Garrison Access . | . . . . . . . . . Data Cores Recovered . | . . . . . . . . . Used . | . . . . . . . . . Hacking Detections 15 | . . . . 1 5 5 . 4 Full Trace Events 2 | . . . . . . 1 . 1 Feedback Events . | . . . . . . . . . Feedback Blocked . | . . . . . . . . . Robot Schematics Acquired . | . . . . . . . . . Robots Built 1 | . . . . . . . . 1 Matter 351 | . . . . . . . . 351 Time 93 | . . . . . . . . 93 Total Robot Build Rating 7 | . . . . . . . . 7 Part Schematics Acquired 5 | . . . . . . 5 . . Parts Built 2 | . . . . . 2 . . . Matter 234 | . . . . . 234 . . . Time 39 | . . . . . 39 . . . Total Part Build Rating 14 | . . . . . 14 . . . Parts Repaired 1 | . . . . . 1 . . . Time 13 | . . . . . 13 . . . Parts Recycled . | . . . . . . . . . Recycled Matter . | . . . . . . . . . Retrieved Matter . | . . . . . . . . . Retrieved Components 6 | . . . . . . 6 . . Parts Scanalyzed 6 | . . . . . . 6 . . Part Schematics Acquired 5 | . . . . . . 5 . . Parts Damaged 1 | . . . . . . 1 . . Bothacking | -11 -10 -9 -9 -8 -7 -6 -5 -4 ------------ Run | Scr Mat Mat Min Mat Fac Fac Fac Fac Used RIF Installer . | . . . . . . . . . Robots Hacked . | . . . . . . . . . Non-combat . | . . . . . . . . . Combat . | . . . . . . . . . Robot Hacks Applied . | . . . . . . . . . Relay Couplers Released . | . . . . . . . . . Robots Rewired . | . . . . . . . . . Allies Hacked . | . . . . . . . . . Hacks Repelled . | . . . . . . . . . Allies | -11 -10 -9 -9 -8 -7 -6 -5 -4 -------- Run | Scr Mat Mat Min Mat Fac Fac Fac Fac Total Allies 4 | . . . . . 3 . . 1 Largest Group 3 | . . . . . 3 . . 1 Highest-Rated Group 93 | . . . . . 93 . . 32 Highest-Rated Ally 32 | . . . . . 31 . . 32 Total Orders 1 | . . . . . . . . 1 AID 1 | . . . . . . . . 1 Ally Attacks 38 | . . . . . 38 . . . Total Damage 527 | . . . . . 527 . . . Kills 8 | . . . . . 8 . . . Allies Corrupted . | . . . . . . . . . Allies Melted . | . . . . . . . . . Intel | -11 -10 -9 -9 -8 -7 -6 -5 -4 ------- Run | Scr Mat Mat Min Mat Fac Fac Fac Fac Robot Analysis Total . | . . . . . . . . . Derelict Logs Recovered 1 | . . . 1 . . . . . Drone Launches . | . . . . . . . . . Drone Recoveries . | . . . . . . . . . Exploration | -11 -10 -9 -9 -8 -7 -6 -5 -4 ------------- Run | Scr Mat Mat Min Mat Fac Fac Fac Fac Turns Passed 5253 | . 177 553 188 451 1400 1230 332 922 Spaces Moved 2491 | 1 105 285 109 183 671 620 106 411 Core . | . . . . . . . . . Treads 2430 | . 45 285 109 183 671 620 106 411 Legs 61 | 1 60 . . . . . . . Wheels . | . . . . . . . . . Hover . | . . . . . . . . . Flight . | . . . . . . . . . Fastest Speed 120 | 120 120 160 160 160 160 160 160 160 Average Speed 159 | 120 137 160 160 160 160 160 163 162 Slowest Speed 180 | 120 160 160 180 160 160 180 180 180 Overloaded Moves . | . . . . . . . . . Propulsion Burnouts . | . . . . . . . . . Robots Hopped . | . . . . . . . . . Cave-ins Triggered . | . . . . . . . . . Exploration Rate (%) 23 | 2 28 33 46 26 27 22 4 19 Regions Visited 8 Branch Regions 1 Pre-discovered Areas 1 | . . . 1 . . . . . Known Exits Taken 2 | . . . . . . 1 1 . Unknown Exits Taken 6 | 1 1 1 1 1 1 . . . Scrap Searched 1 | . . . 1 . . . . . Spaces Dug 52 | . . . . . . 17 17 18 Terrain Destroyed 179 | . . 76 . . 37 18 28 20 Melee 52 | . . . . . . 17 17 18 Projectile 3 | . . . . . . 1 . 2 AOE 124 | . . 76 . . 37 . 11 . Actions | -11 -10 -9 -9 -8 -7 -6 -5 -4 --------- Run | Scr Mat Mat Min Mat Fac Fac Fac Fac Total 3402 | . 121 342 115 302 931 786 220 585 Wait 506 | . 1 . . 64 159 96 75 111 Move 2483 | . 104 284 108 182 670 619 105 411 Hop . | . . . . . . . . . Pick Up 57 | . 2 13 1 8 20 9 1 3 Fast Attach 13 | . 1 . . . 3 1 5 3 Attach 28 | . . 6 1 7 5 7 1 1 Detach 1 | . . . . . . . 1 . Swap 43 | . 3 7 . . 17 7 2 7 Drop 44 | . 2 9 . 1 17 7 2 6 Fire 116 | . 8 23 4 . 40 15 1 25 Melee 110 | . . . 1 40 . 24 27 18 Ram . | . . . . . . . . . Kick . | . . . . . . . . . Crush 1 | . . . . . . 1 . . Escape Stasis . | . . . . . . . . . Rewire . | . . . . . . . . . Trap . | . . . . . . . . . Miscellaneous . | . . . . . . . . . Route ------- -11/Scrapyard -10/Materials -9/Materials -9/Mines -8/Materials -7/Factory -6/Factory -5/Factory -4/Factory History --------- Turn | Location | Event 1 | -11/Scrapyard | Discovered new exit (range 0) 1 | -11/Scrapyard | Entered Materials 133 | -10/Materials | Discovered new exit (range 12) 178 | -10/Materials | Entered another Materials area 178 | -9/Materials | Evolved 2 slots: Utility x2 317 | -9/Materials | Build established: Mutant 702 | -9/Materials | Discovered new exit (range 13) 731 | -9/Materials | Entered Mines 738 | -9/Mines | Learned location of Recycling (-8) 748 | -9/Mines | Assembled infested the area 753 | -9/Mines | Assisted by a Guerilla fighting off Assembled 800 | -9/Mines | A weapon hastily lodged in a ceiling crevice suddenly fell to the ground 827 | -9/Mines | Found a damaged Exp. Sensor Array with a note attached 910 | -9/Mines | Discovered new exit (range 8) 919 | -9/Mines | Entered Materials 919 | -8/Materials | Evolved 2 slots: Propulsion x2 947 | -8/Materials | Lost 3 parts (1n1u1w) 1346 | -8/Materials | Discovered new exit (range 3) 1370 | -8/Materials | Entered Factory 1370 | -7/Factory | Evolved 2 slots: Power x1, Utility x1 1483 | -7/Factory | Allied Derelicts emerged from ambush trap array 1651 | -7/Factory | Fabricated Phase Gun? 2200 | -7/Factory | Repaired Lgt. Treads 2716 | -7/Factory | Discovered new exit (range 20) 2770 | -7/Factory | Entered another Factory area 2770 | -6/Factory | Evolved 2 slots: Utility x2 3741 | -6/Factory | Build established: Scavenger-Assassin 3950 | -6/Factory | Spotted B-75 Beast 3975 | -6/Factory | Discovered new exit (range 8) 3994 | -6/Factory | Identified exit to Factory 4000 | -6/Factory | Entered another Factory area 4000 | -5/Factory | Evolved 2 slots: Utility x2 4297 | -5/Factory | Discovered new exit (range 9) 4330 | -5/Factory | Identified exit to Factory 4332 | -5/Factory | Entered another Factory area 4332 | -4/Factory | Evolved 2 slots: Propulsion x1, Utility x1 4918 | -4/Factory | Fabricated M-36 Artificer (x1) 5254 | -4/Factory | Self-destructed Last Messages --------------- 05215_ P-70 Sage destroyed. 05224_ Destroyed Hpw. Shock Rifle. 05224_ Destroyed Imp. Heat Sink. 05227_ Destroyed Antigrav System. 05229_ P-70 Sage heat damages Antigrav System. 05230_ Tesla Rifle melted. 05230_ P-70 Sage destroyed. 05247_ Connecting with Fabricator... >>Load(System Backup Module) Uploading System Backup Module schematic... Loaded successfully: System Backup Module Rating: 4 Time: 42 Matter: 168 Initiate build sequence. 05247_ ALERT: Suspicious activity at Fabricator F005. Dispatching Investigation squad. 05250_ Dropped Imp. Heavy Armor Plating. 05250_ Acquired Mass Driver. Map ----- +----------------------------------------------------+ | "" # """ """ ???????????????? | | #[ ???????????????? | | "" # """ """????????????????? | | "" # """ """????????????????? | | "" ?# ""? ""?????????????????? | | ???# ??? ?????????????????? | | ######+######+#######???????????? | | #???????????? | | #?##????##??? | | """ ######## #### | | """ u+! !%[ " | | """ ####%= """ # | | #??#|% """ # | | """ #??# """ # | | """ ################??# # | | """ ????????????????# """ # | | ???????????????# """ # | | """ ""??????????????# """ # | | """ ""??????t???????# # | | """ ""??????????????+ # | | A????????????# # | | ""??????????????# # | | ## ""??????????????# """ # | | ?# ""??????????????# """ # | | ?# ???????????????# ! " # | | ?# "???????????????#]@ "F" # | | ?# "???????????????#]]] """ # | | ?# "???????????????#]]] # | | ?? ?????????????????########## | | ????????????????????????????????? | | ????????????????????????????????? | | ## ???????????????? | | ???????????????? | | #######?????????????????????????? | | ????????????????????????????????? | | ????????????????????????????????? | | #???????????????????????????????? | | #???????????????????????????????? | | #???????????????????????????????? | | #???????????????????????????????? | | #???????????????????????????????? | | #???????????????g???????????????? | | #??????????????g????????????????? | | #?????????????? ??????????????? | | ##???### ?????????????? | | # ?????????????? | | ^ ?????????????? | | """ """ ""?^?????????????????? | | """^""???????????????????????? | | # """ ""?????^?????????????????? | +----------------------------------------------------+ Best States ------------- Heat Dissipation 93 Energy Generation 34 Energy Capacity 1020 Matter Stores 300 Matter Capacity 300 Sight Range 22 Robot Scan Range 20 Terrain Scan Density 10 Armor Coverage 825 Resistance: KI 20 Resistance: TH 20 Resistance: EX 20 Resistance: EM 20 Resistance: I 20 Resistance: S 20 Resistance: P 20 Core Shielding 20 Weapon Shielding 66 Evasion (%) 40 Recoil Reduction 5 Offensive Hacking 10 Item Schematics ----------------- Imp. Sensor Array | -6/Factory | Scanalyzed Proton Missile Launcher | -6/Factory | Scanalyzed System Backup Module | -6/Factory | Scanalyzed Hvy. Rocket Launcher | -6/Factory | Scanalyzed Lgt. Treads | -6/Factory | Scanalyzed Robot Schematics ------------------ None Fabricated ------------ Phase Gun | x2 | -7/Factory | Preloaded M-36 Artificer | x1 | -4/Factory | Preloaded Alien Tech Used ----------------- None Achievements -------------- None Challenges ------------ None Game ------ Seed FortressShrapnelCore Manual? 0 Play Time 00:49:02 Cumulative 254.0 hours Start 2020.05.19 @ 22:38:39 End 2020.05.19 @ 23:32:23 Sessions 1 Manual Loads 0 Difficulty Adventurer Special Mode None Game No. 203 Rogue 195 Adventurer 8 Explorer 0 Win Type - Total 1 Types 0/0/0/1/0/0/0 Lore% 32 Gallery% 64 Achievement% 39 Wizard Run 0 Options --------- ASCII 0 Keyboard 0 Movement Mouse Keybinds 0 Fullscreen 1 Font 18/SmallcapsGlow Map View 76x50 Tactical HUD 1 Map Filters NONE Filters NONE Steam 1 RUN: 507307f4-396b-4993-b7ee-758eef90a439